 Dungeon Sprint DCSS version 0.29-a0-362-g5854e031c7 (webtiles) character file.

Game seed: 17139737279929447394

8834 Zeldest the Eclecticist (level 11, -6/93 HPs)
             Began as a Djinni Ice Elementalist on Apr 29, 2022.
             Was the Champion of Makhleb.
             Killed by divine providence
             ... invoked by an orc priest
              (12 damage)
             ... in the Dungeon (Sprint IX: "|||||||||||||||||||||||||||||").
             The game lasted 00:06:56 (1409 turns).

Zeldest the Eclecticist (Djinni Ice Elementalist)   Turns: 1409, Time: 00:06:56

Health: -6/93      AC: 18    Str:  7    XL:     11   Next: 63%
Gold:   10         EV: 12    Int: 28    God:    Makhleb [******] SH:  0 Dex: 13

rFire   + + .      SeeInvis .   r - +2 scimitar (flame)
rCold   x . .      Faith    .   (no shield)
rNeg    . . .      Spirit   .   a - +0 robe
rPois   ∞          Reflect  .   i - +0 helmet
rElec   .          Harm     .   h - +0 cloak
rCorr   .          Rampage  .   q - +0 pair of gloves
Will    +....      NoTele   +   (boots unavailable)
Stlth   ++........              (no amulet)
HPRegen 0.25/turn               p - +6 ring of intelligence
MPRegen 0.00/turn               k - +2 ring of protection

@: ice-armoured, freezing walls, flying
A: sickness immunity, fire resistance 2, cold vulnerability 1, float, innate
caster, HP casting, extra vitality 1
a: Renounce Religion, Minor Destruction, Lesser Servant of Makhleb, Major
Destruction, Greater Servant of Makhleb


You were in the Dungeon.
You worshipped Makhleb.
Makhleb was exalted by your worship.
You visited 1 branch You collected 10 gold pieces.

Inventory:

Hand Weapons
 g - the +2 scimitar of Zueptyor {drain, *Noise Str+5}
   (You found it in the Dungeon)

   A truly terrible weapon, it drains the life of any living foe it strikes.
   Str:       It affects your strength (+5).
   *Noise:    It may make noises in combat.
 r - a +2 scimitar of flaming (weapon)
Armour
 a - a +0 robe (worn)
 h - a +0 cloak (worn)
 i - a +0 helmet (worn)
 q - a +0 pair of gloves (worn)
Jewellery
 j - a +3 ring of strength
 k - a +2 ring of protection (right hand)
 p - a +6 ring of intelligence (left hand)
Wands
 e - a wand of iceblast (20)
Scrolls
 f - 6 scrolls of blinking
 o - 3 scrolls of fear
Potions
 b - 5 potions of curing
 c - a potion of invisibility
 d - 7 potions of heal wounds
 l - a potion of berserk rage
 m - a potion of brilliance
Miscellaneous
 n - a lightning rod (4/4)


   Skills:
 + Level 13.7 Fighting
 - Level 2.1 Dodging
 - Level 1.5 Stealth
 * Level 15.2 Spellcasting
 + Level 12.7 Invocations
 + Level 6.8 Evocations


You had 15 spell levels left.
You knew the following spells:

 Your Spells              Type           Power      Damage    Failure   Level
a - Freeze                Ice            100%       1d11      0%          1
b - Frozen Ramparts       Ice            100%       1d12      0%          3
c - Ozocubu's Armour      Ice            82%        N/A       0%          3
d - Hailstorm             Conj/Ice       82%        3d17      1%          4
e - Summon Small Mammal   Summ           100%       N/A       0%          1
f - Blink                 Tloc           100%       N/A       0%          2
g - Spider Form           Tmut/Pois      82%        N/A       0%          3
h - Call Canine Familiar  Summ           82%        N/A       0%          3
i - Yara's Violent Unrav  Hex/Tmut       41%        3d16      1%          5
Your spell library was empty.

Dungeon Overview and Level Annotations

Branches:
Dungeon (1/1)

Altars:
Cheibriados
Dithmenos
Elyvilon
Fedhas
Gozag
Hepliaklqana
Kikubaaqudgha
Makhleb
Nemelex Xobeh
Okawaru
Qazlal
Ru
Sif Muna
Trog
Uskayaw
Vehumet
Wu Jian
Xom
Yredelemnul
Zin
The Shining One
Beogh
Jiyva
Lugonu


Innate Abilities, Weirdness & Mutations

You are immune to sickness and miasma.
You are immune to poison.
Your flesh is very heat resistant. (rF++)
You are vulnerable to cold. (rC-)
You float through the air rather than walking.
You learn spells naturally, not from books.
Your magical power is your life essence.
You have superior vitality. (+4 MHP)


Message History

Press: ? - help, Shift-Dir - straight line, f - stone giant
Aim: a stone giant, quivering large rocks (severely wounded)
You freeze the stone giant!
The stone giant is severely wounded.
The wall freezes the stone giant.
The stone giant closely misses you.
Casting: Freeze (safe; 0% risk of failure)
Confirm with . or Enter, or press ? or * to list all spells.
Aiming: Freeze (safe; 0% risk of failure)
Press: ? - help, Shift-Dir - straight line, f/p - stone giant
Aim: a stone giant, quivering large rocks (severely wounded)
You freeze the stone giant.
The stone giant is severely wounded.
The wall freezes the stone giant.
The stone giant hits you but does no damage.
The wall freezes the orc!
You kill the orc!
Makhleb accepts your kill.
You feel better.
Casting: Freeze (safe; 0% risk of failure)
Confirm with . or Enter, or press ? or * to list all spells.
Aiming: Freeze (safe; 0% risk of failure)
Press: ? - help, Shift-Dir - straight line, f/p - stone giant
Aim: a stone giant, quivering large rocks (almost dead)
You freeze the stone giant!
The stone giant is almost dead.
The wall freezes the stone giant.
The stone giant hits you!!
* * * LOW HITPOINT WARNING * * *
Casting: Freeze (safe; 0% risk of failure)
Confirm with . or Enter, or press ? or * to list all spells.
Aiming: Freeze (safe; 0% risk of failure)
Press: ? - help, Shift-Dir - straight line, f/p - stone giant
Aim: a stone giant, quivering large rocks (almost dead)
You freeze the stone giant.
You kill the stone giant!
Makhleb accepts your kill.
* * * LOW HITPOINT WARNING * * *
The wall freezes the orc.
The orc priest calls down the wrath of Beogh upon you.
Beogh smites you!
You die...

____________'.....†.....)...<▓
▓▓▓▓▓▓▓▓▓▓▓▓▓▓▓▓▓▓▓▓▓▓▓▓▓▓▓▓▓▓
.............................▓
▓▓▓▓▓▓▓▓▓▓▓▓▓▓▓▓▓▓▓▓▓▓▓▓▓▓▓▓.▓
.....÷÷†.....(.......'.......▓
▓▓▓▓▓▓▓▓▓▓▓▓▓▓▓▓▓▓▓▓▓▓▓▓▓▓▓▓▓▓
..........[..................▓
▓▓▓▓▓▓▓▓▓▓▓▓▓▓▓▓▓▓▓▓▓▓▓▓▓▓▓▓.▓
$$$o)o(@............▓
▓▓▓▓▓▓▓▓▓▓▓▓▓▓▓▓▓▓▓▓▓


You could see an orc priest and an orc.

Vanquished Creatures
  A stone giant (D)
  2 hydras (D)
  Erica (D)
  A two-headed ogre (D)
  A centaur warrior (D)
  A tengu warrior (D)
  A deep elf pyromancer (D)
  A cyclops (D)
  3 black mambas (D)
  A cane toad (D)
  A komodo dragon (D)
  3 polar bears (D)
  3 tyrant leeches (D)
  2 wyverns (D)
  2 yaks (D)
  2 basilisks (D)
  3 water moccasins (D)
  A black bear (shapeshifter) (D)
  A wolf (D)
  A kobold brigand (D)
  A bullfrog (D)
  A scorpion (D)
  A wight (D)
  4 orc priests (D)
  An iguana (D)
  4 orc wizards (D)
  An adder (D)
  A white imp (D)
  5 worms (D)
  3 orcs (D)
  A ball python (D)
  An endoplasm (D)
  A goblin (D)
  A hobgoblin (D)
  A jackal (D)
  A quokka (D)
60 creatures vanquished.

Notes
Turn   | Place    | Note
-------+----------+-------------------------------------------
     0 | D        | Zeldest the Djinni Ice Elementalist began the quest for the
                  | Orb.
     0 | D        | Reached XP level 1. HP: 15/15 MP: 0/0
     9 | D        | Reached skill level 1 in Fighting
    15 | D        | Reached skill level 4 in Spellcasting
    15 | D        | Reached XP level 2. HP: 14/23 MP: 0/0
    22 | D        | Noticed a scorpion
    33 | D        | Reached skill level 5 in Spellcasting
    33 | D        | Reached XP level 3. HP: 25/30 MP: 0/0
    33 | D        | Learned a level 1 spell: Summon Small Mammal
    39 | D        | Killed a scorpion
    40 | D        | Reached skill level 6 in Spellcasting
    40 | D        | Reached XP level 4. HP: 27/38 MP: 0/0
    46 | D        | Reached skill level 5 in Fighting
    46 | D        | Reached XP level 5. HP: 26/43 MP: 0/0
    46 | D        | Learned a level 2 spell: Blink
    63 | D        | Found a snail-covered altar of Cheibriados.
    63 | D        | Found a shadowy altar of Dithmenos.
    63 | D        | Found a white marble altar of Elyvilon.
    63 | D        | Found a blossoming altar of Fedhas.
    63 | D        | Found an opulent altar of Gozag.
    64 | D        | Found a hazy altar of Hepliaklqana.
    65 | D        | Found a viscous altar of Jiyva.
    67 | D        | Found a corrupted altar of Lugonu.
    68 | D        | Found a burning altar of Makhleb.
    69 | D        | Found a sparkling altar of Nemelex Xobeh.
    70 | D        | Found an iron altar of Okawaru.
    71 | D        | Found a stormy altar of Qazlal.
    72 | D        | Found a sacrificial altar of Ru.
    74 | D        | Found a bloodstained altar of Trog.
    75 | D        | Found a hide-covered altar of Uskayaw.
    80 | D        | Became a worshipper of Makhleb the Destroyer
    82 | D        | Found an ornate altar of the Wu Jian Council.
    83 | D        | Found a shimmering altar of Xom.
    84 | D        | Found a basalt altar of Yredelemnul.
    85 | D        | Found a glowing silver altar of Zin.
    86 | D        | Found a glowing golden altar of the Shining One.
   102 | D        | Got the +2 scimitar of Zueptyor {drain, *Noise Str+5}
   323 | D        | Noticed a wyvern
   323 | D        | Noticed a kobold brigand
   323 | D        | Noticed a two-headed ogre
   323 | D        | Noticed a yak
   327 | D        | Killed a yak
   328 | D        | Reached skill level 8 in Spellcasting
   328 | D        | Reached XP level 6. HP: 45/51 MP: 0/0
   333 | D        | Killed a two-headed ogre
   334 | D        | Reached skill level 10 in Spellcasting
   334 | D        | Reached XP level 7. HP: 47/60 MP: 0/0
   334 | D        | Learned a level 3 spell: Spider Form
   334 | D        | Reached XP level 8. HP: 52/67 MP: 0/0
   334 | D        | Reached * piety under Makhleb
   338 | D        | Killed a wyvern
   339 | D        | Reached ** piety under Makhleb
   485 | D        | Noticed a cyclops
   485 | D        | Noticed a six-headed hydra
   485 | D        | Noticed a deep elf pyromancer
   485 | D        | Noticed a centaur warrior
   485 | D        | Noticed a tengu warrior
   488 | D        | Killed a centaur warrior
   489 | D        | Reached skill level 10 in Fighting
   489 | D        | Reached skill level 11 in Spellcasting
   489 | D        | Reached XP level 9. HP: 60/74 MP: 0/0
   489 | D        | Learned a level 3 spell: Call Canine Familiar
   492 | D        | Killed a deep elf pyromancer
   493 | D        | Reached skill level 12 in Spellcasting
   494 | D        | Killed a six-headed hydra
   494 | D        | Reached *** piety under Makhleb
   495 | D        | Reached skill level 10 in Invocations
   495 | D        | Reached XP level 10. HP: 23/83 MP: 0/0
   496 | D        | Killed a cyclops
   496 | D        | Killed a tengu warrior
   497 | D        | Reached skill level 13 in Spellcasting
   838 | D        | Reached **** piety under Makhleb
   839 | D        | Reached skill level 1 in Evocations
   846 | D        | Reached ***** piety under Makhleb
  1059 | D        | Noticed a black mamba
  1059 | D        | Noticed a five-headed hydra
  1059 | D        | Noticed a cane toad
  1059 | D        | Noticed a komodo dragon
  1062 | D        | Noticed a black mamba
  1062 | D        | Killed a cane toad
  1063 | D        | Reached skill level 14 in Spellcasting
  1063 | D        | Killed a five-headed hydra
  1064 | D        | Reached XP level 11. HP: 90/91 MP: 0/0
  1064 | D        | Learned a level 5 spell: Yara's Violent Unravelling
  1067 | D        | Reached skill level 5 in Evocations
  1070 | D        | Reached ****** piety under Makhleb
  1269 | D        | Reached skill level 15 in Spellcasting
  1348 | D        | Noticed Erica
  1356 | D        | Killed Erica
  1401 | D        | Noticed a stone giant
  1409 | D        | Killed a stone giant
  1409 | D        | Killed from afar by an orc priest

Illustrated notes

Levels and vault maps discovered:
D:        linesprint [early_d, line_temple, items_1, d_10, items_2, lair_1,
          lair_end, items_3, orc_1, orc_end, items_4, d_15, swamp_1, shoals_1,
          snake_1, spider_1, d_20, vaults_1, items_5, swamp_end, shoals_end,
          snake_end, spider_end, vaults_end, d_27, items_6, zot_1, zot_end,
          crypt_end, forest_end, elf_end, slime_end, tomb_end, abyss_end,
          pan_hell_end]

Skill      XL: |  1  2  3  4  5  6  7  8  9 10 11 |
---------------+----------------------------------+-----
Fighting       | 1 3 4 5 6 8 10 11 12 13 | 13.7
Spellcasting   | 4 5 6 8 10 11 12 14 15 | 15.2
Invocations    | 3 7 8 10 11 12 | 12.7
Evocations     | 4 6 |  6.8
Dodging        | |  2.1
Stealth        | |  1.5

Action                   |  1- 3 |  4- 6 |  7- 9 | 10-12 || total
-------------------------+-------+-------+-------+-------++-------
Melee: Unarmed           |    13 |    15 |       |       ||    28
       Scimitar          |       |     3 |     5 |    14 ||    22
 Cast: Freeze            |    12 |     5 |       |    11 ||    28
       Frozen Ramparts   |       |     2 |     2 |     8 ||    12
       Ozocubu's Armour  |       |     1 |     1 |     9 ||    11
       Hailstorm         |       |       |     7 |    31 ||    38
  Use: Potion            |     3 |     1 |       |       ||     4
Armor: Robe              |     3 |     3 |    16 |    33 ||    55
Dodge: Dodged            |     9 |    13 |     8 |    35 ||    65

Table legend: (Time is in decaauts)
 A = Elapsed time spent in this place.
 B = Non-inter-level travel time spent in this place.
 C = Inter-level travel time spent in this place.
 D = Time resting spent in this place.
 E = Time spent auto-exploring this place.
 F = Levels seen in this place.
 G = Mean time per level.
                   A        B        C        D        E       F      G
               +--------+--------+--------+--------+--------+-----+--------+
         Total |   1409 |   1409 |      0 |    916 |      0 |   1 | 1409.0 |
       Dungeon |   1409 |   1409 |      0 |    916 |      0 |   1 | 1409.0 |
               +--------+--------+--------+--------+--------+-----+--------+

Top non-repeatable levels by time:
       D: 1409 daAuts
